 Dungeon Crawl Stone Soup version 0.21-a0-625-g1119ec1 (webtiles) character file.

18 tidbits the Magician (level 2, 3/20 HPs)
             Began as a Gnoll Wanderer on Dec 24, 2017.
             Quit the game on level 2 of the Dungeon.
             The game lasted 00:01:50 (150 turns).

tidbits the Magician (Gnoll Wanderer)                Turns: 150, Time: 00:01:51

Health: 3/20       AC:  2    Str: 14    XL:     2   Next: 66%
Magic:  1/10       EV: 11    Int: 16    God:
Gold:   5          SH:  0    Dex: 12    Spells: 12/15 levels left

rFire    . . .     SeeInvis .   i - +1 dagger (drain)
rCold    . . .     Gourm    .   (no shield)
rNeg     . . .     Faith    .   d - +0 robe
rPois    .         Spirit   .   (no helmet)
rElec    .         Reflect  .   (no cloak)
rCorr    .         Harm     .   (no gloves)
MR       .....                  (no boots)
Stlth    ++........             (no amulet)
HPRegen  0.06/turn              (no ring)
MPRegen  0.12/turn              (no ring)

@: lethally poisoned (3 -> -8)
A: distributed training, fangs 1, strong nose
a: no special abilities


You were on level 2 of the Dungeon.
You were not hungry.

You visited 1 branch of the dungeon, and saw 3 of its levels.

You collected 5 gold pieces.

Inventory:

Hand Weapons
 b - a +0 dagger
 e - a +0 club
 i - a +1 dagger of draining (weapon)
   (You took it off a goblin on level 1 of the Dungeon)
Armour
 d - a +0 robe (worn)
Scrolls
 c - a scroll of teleportation
 h - a scroll of magic mapping {unknown}
Books
 a - Sif Muna's Compendium of the Escort

   Spells                             Type                      Level
   a - Summon Small Mammal            Summoning                    1
   b - Recall                         Summoning/Translocation      3
 f - a Young Poisoner's Handbook

   Spells                             Type                      Level
   a - Sting                          Conjuration/Poison           1
   b - Poisonous Vapours              Poison/Air                   2
   c - Mephitic Cloud                 Conjuration/Poison/Air       3
   d - Olgreb's Toxic Radiance        Poison                       4
   e - Venom Bolt                     Conjuration/Poison           5
Comestibles
 g - a ration


   Skills:
 + Level 0.5 Fighting
 + Level 0.5 Short Blades
 + Level 0.5 Long Blades
 + Level 0.5 Axes
 + Level 0.5 Maces & Flails
 + Level 0.5 Polearms
 + Level 0.5 Staves
 + Level 0.5 Slings
 + Level 0.5 Bows
 + Level 0.5 Crossbows
 + Level 0.5 Throwing
 + Level 0.5 Armour
 + Level 0.5 Dodging
 + Level 4.1 Stealth
 + Level 0.5 Shields
 + Level 0.5 Unarmed Combat
 + Level 7.1 Spellcasting
 + Level 0.3 Conjurations
 + Level 2.0 Hexes
 + Level 0.3 Charms
 + Level 2.0 Summonings
 + Level 0.3 Necromancy
 + Level 0.3 Translocations
 + Level 2.0 Transmutations
 + Level 0.3 Fire Magic
 + Level 0.3 Ice Magic
 + Level 0.3 Air Magic
 + Level 0.3 Earth Magic
 + Level 3.7 Poison Magic
 + Level 0.6 Invocations
 + Level 0.5 Evocations


You had 12 spell levels left.
You knew the following spells:

 Your Spells              Type           Power        Failure   Level  Hunger
a - Sting                 Conj/Pois      ##..         5%          1    None
p - Poisonous Vapours     Pois/Air       ##....       9%          2    None


Dungeon Overview and Level Annotations

Branches:
Dungeon (3/15)

Altars:
Trog


Innate Abilities, Weirdness & Mutations

Your experience applies equally to all skills.
You have very sharp teeth.
Your uncanny sense of smell can sniff out nearby items.


Message History

Confirm with . or Enter, or press ? or * to list all spells.
Aiming: Poisonous Vapours
Press: ? - help, Dir - move target cursor, f/p - dart slug
Aim: a dart slug (clinging) Poisonous vapours surround the dart slug!
The dart slug is engulfed in poison gas.
The dart slug is poisoned.
You kill the dart slug!
A hobgoblin comes into view. It is wielding a club.
Casting: Poisonous Vapours
Confirm with . or Enter, or press ? or * to list all spells.
Aiming: Sting
Press: ? - help, Shift-Dir - straight line, f - hobgoblin
Aim: a hobgoblin, wielding a club (resting)
The sting hits the hobgoblin.
The hobgoblin is poisoned.
The hobgoblin is severely wounded.
The hobgoblin shouts!
You kill the hobgoblin!
Found a stone staircase leading down.
You see here a club.
There is a stone staircase leading down here.
Your magical contamination has completely faded away.
You climb downwards.
Found two stone staircases leading down.
There is a stone staircase leading up here.
Found a bloodstained altar of Trog.
There is a stone staircase leading down here.
You climb downwards.
An adder, a hobgoblin and 2 kobolds come into view.
Found a scroll labeled PUONOJI ZIKIZU and a ration.
Found an escape hatch in the ceiling.
Found a stone staircase leading down.
There is a stone staircase leading up here.
Casting: Sting
Confirm with . or Enter, or press ? or * to list all spells.
Aiming: Poisonous Vapours
Press: ? - help, Dir - move target cursor, f - adder
Aim: an adder (resting) Poisonous vapours surround the adder!
The adder is poisoned.
Casting: Poisonous Vapours
Confirm with . or Enter, or press ? or * to list all spells.
You don't have enough magic to cast that spell.
Casting: Poisonous Vapours
Confirm with . or Enter, or press ? or * to list all spells.
Aiming: Sting
Press: ? - help, Shift-Dir - straight line, f/p - adder
Aim: an adder (poisoned)
The sting misses the adder.
The kobold shouts!
The hobgoblin shouts!
The hobgoblin moves out of view.
The kobold wields a blowgun.
The kobold shoots a poisoned needle.
The poisoned needle closely misses you.
You hear a shout!
The kobold shouts!
The kobold throws a stone.
The stone hits you but does no damage. The adder closely misses you.
A kobold comes into view. It is wielding a whip.
The kobold shoots a poisoned needle.
The poisoned needle closely misses you.
The kobold throws a stone.
The stone closely misses you.
There is a stone staircase leading up here.
The kobold shoots a poisoned needle.
The poisoned needle hits you.
You are poisoned.
The adder barely misses you.
The kobold unwields an uncursed whip.
The kobold wields a blowgun.
The kobold shoots a poisoned needle.
The poisoned needle barely misses you.
The kobold throws a stone.
The stone closely misses you.
You climb upwards.
You feel sick.
There is a stone staircase leading down here.
You feel sick. The adder bites you.
Casting: Sting
Confirm with . or Enter, or press ? or * to list all spells.
Aiming: Sting
Press: ? - help, Shift-Dir - straight line, f - adder
Aim: an adder (heavily wounded, poisoned)
The sting hits the adder.
The adder is severely wounded.
The adder looks more healthy.
The adder bites you.
You are more poisoned.
The adder poisons you!
You feel sick. The adder closely misses you.
You barely miss the adder. You bite the adder.
The adder is almost dead.
The adder barely misses you.
You closely miss the adder.
The adder is almost dead.
You feel sick. The adder bites you.
* * * LOW HITPOINT WARNING * * *
You hit the adder but do no damage.
The adder is almost dead.
The adder bites you.
* * * LOW HITPOINT WARNING * * *
You are more poisoned.
The adder poisons you!
You closely miss the adder.
The adder is almost dead.
* * * LOW HITPOINT WARNING * * *
You feel sick. The adder bites you.
* * * LOW HITPOINT WARNING * * *
The adder closely misses you.
You aren't carrying any potions.
Unknown command.
Are you sure you want to abandon this character and quit the game? (Confirm with "yes".)

∆ . ..... ..
....... ####+#...
........#
#........
........#
#........
.......###........
#........@.# .
#.......S..# #.
#..........# ...
#.....>....#
....##.........#
.....#.........+
._.............#
....#.........#
...##....######


You could see an adder.

Vanquished Creatures
  A gnoll (D:1)
  A dart slug (D:1)
  A bat (D:1)
  2 goblins (D:1)
  A hobgoblin (D:1)
6 creatures vanquished.

Notes
Turn   | Place    | Note
-------+----------+-------------------------------------------
     0 | D:1      | tidbits the Gnoll Wanderer began the quest for the Orb.
     0 | D:1      | tidbits set off with: a Young Poisoner's Handbook, Sif Muna's Compendium of the Escort, a scroll of teleportation, a +0 robe, a +0 club, a +0 dagger, a ration
     0 | D:1      | Reached XP level 1. HP: 13/13 MP: 8/8
     0 | D:1      | Identified Sif Muna's Compendium of the Escort
     3 | D:1      | Learned a level 1 spell: Sting
    92 | D:1      | Reached skill level 2 in Hexes
    92 | D:1      | Reached skill level 2 in Summonings
    92 | D:1      | Reached skill level 2 in Transmutations
    92 | D:1      | Reached XP level 2. HP: 20/20 MP: 5/10
    96 | D:1      | Learned a level 2 spell: Poisonous Vapours
   129 | D:2      | Found a bloodstained altar of Trog.
   150 | D:2      | Quit the game

Vault maps used:
D:1:      noname_arrival_rooms_in_the_neighbourhood
D:2:      lemuel_round_altar, fedhas_altar_fruit_tree, uniq_natasha
D:3:      regret_index_temple_of_mockery, overflow_temple_1_default, zin_purify,
          uniq_robin

Skill      XL: |  1 |
---------------+----+-----
Hexes          | 2 |  2.0
Summonings     | 2 |  2.0
Transmutations | 2 |  2.0
Fighting       | |  0.5
Short Blades   | |  0.5
Long Blades    | |  0.5
Axes           | |  0.5
Maces & Flails | |  0.5
Polearms       | |  0.5
Staves         | |  0.5
Slings         | |  0.5
Bows           | |  0.5
Crossbows      | |  0.5
Throwing       | |  0.5
Armour         | |  0.5
Dodging        | |  0.5
Stealth        | |  4.1
Shields        | |  0.5
Unarmed Combat | |  0.5
Spellcasting   | |  7.1
Conjurations   | |  0.3
Charms         | |  0.3
Necromancy     | |  0.3
Translocations | |  0.3
Fire Magic     | |  0.3
Ice Magic      | |  0.3
Air Magic      | |  0.3
Earth Magic    | |  0.3
Poison Magic   | |  3.7
Invocations    | |  0.6
Evocations     | |  0.5

Action                   || total
-------------------------++-------
Melee: Dagger            ||     6
       Bite              ||     1
 Cast: Sting             ||    11
       Poisonous Vapours ||     3
Dodge: Dodged            ||    12

Table legend:
 A = Spawn XP
 B = Non-spawn XP
 C = Spawn XP percentage of total XP
 D = Spawn monster count
 E = Non-spawn monster count
 F = Spawn count percentage of total count
 G = Total turns spent on level
                    A         B        C        D         E        F      G
               +---------+---------+-------+---------+---------+-------+---------
         Total |       0 |      26 |   0.0 |       0 |       6 |   0.0 |   150
               +---------+---------+-------+---------+---------+-------+---------
           D:1 |       0 |      26 |   0.0 |       0 |       6 |   0.0 |   127
               +---------+---------+-------+---------+---------+-------+---------

Table legend:
 A = Turns spent in this place as a percentage of turns spent in the entire game.
 B = Non-inter-level travel turns spent in this place as a percentage of non-inter-level travel turns spent in the entire game.
 C = Inter-level travel turns spent in this place as a percentage of turns spent in this place.
 D = Turns resting spent in this place as a percentage of non-inter-level travel turns spent in this place.
 E = Turns spent auto-exploring this place as a percentage of non-inter-level travel turns spent in this place.
 F = Non-inter-level travel turns spent in this place divided by the number of levels of this place that you've seen.
                   A       B       C       D       E      F
               +-------+-------+-------+-------+-------+----------------------
         Total | 100.0 | 100.0 |   0.0 |   0.0 |   0.0 |  50.0
       Dungeon | 100.0 | 100.0 |   0.0 |   0.0 |   0.0 |  50.0
               +-------+-------+-------+-------+-------+----------------------

Table legend:
 A = Kills in this place as a percentage of kills in entire the game.
 B = Kills by you in this place as a percentage of kills by you in the entire game.
 C = Kills by friends in this place as a percentage of kills by friends in the entire game.
 D = Other kills in this place as a percentage of other kills in the entire game.
 E = Experience gained in this place as a percentage of experience gained in the entire game.
 F = Experience gained in this place divided by the number of levels of this place that you have seen.
                   A       B       C       D       E      F
               +-------+-------+-------+-------+-------+----------------------
         Total | 100.0 | 100.0 |   N/A |   N/A | 100.0 |   8.7
       Dungeon | 100.0 | 100.0 |   N/A |   N/A | 100.0 |   8.7
               +-------+-------+-------+-------+-------+----------------------

Vault maps used:
D:1:      noname_arrival_rooms_in_the_neighbourhood
D:2:      lemuel_round_altar, fedhas_altar_fruit_tree, uniq_natasha
D:3:      regret_index_temple_of_mockery, overflow_temple_1_default, zin_purify,
          uniq_robin
